 Dungeon Crawl Stone Soup version 0.30.1-4-g462c640d31 (webtiles) character file.

Game seed: 4929193476473184695

7 Logoto the Firebug (level 1, -1/14 HPs)
             Began as a Draconian Fire Elementalist on Aug 17, 2023.
             Frozen to death by an endoplasm (4 damage)
             ... on level 1 of the Dungeon.
             The game lasted 00:00:52 (228 turns).

Logoto the Firebug (Draconian Fire Elementalist)     Turns: 228, Time: 00:00:52

Health: -1/14      AC:  4    Str: 10    XL:     1   Next: 83%
Magic:  3/3        EV: 12    Int: 15    God:
Gold:   13         SH:  0    Dex: 11    Spells: 3/4 levels left

rFire   . . .        b - +0 mace
rCold   . . .        (no shield)
rNeg    . . .        (body armour unavailable)
rPois   .            (helmet restricted)
rElec   .            (no cloak)
rCorr   .            (no gloves)
SInv    .            (no boots)
Will    .....        (no amulet)
Stlth   ++           (no ring)
HPRegen 0.22/turn    (no ring)
MPRegen 0.08/turn

%: no passive effects
@: slowed, very slow
A: AC +4, unfitting armour, cold-blooded
a: no special abilities


You were on level 1 of the Dungeon.
You visited 1 branch of the dungeon, and saw 1 of its levels.

You collected 13 gold pieces.

Inventory:

Hand Weapons
 b - a +0 mace (weapon)
Potions
 a - a potion of magic


   Skills:
 + Level 1.9 Dodging
 + Level 1.8 Stealth
 + Level 2.2 Spellcasting
 + Level 1.0 Conjurations
 + Level 3.1 Fire Magic


You had 3 spell levels left.
You knew the following spells:

 Your Spells              Type           Power      Damage    Failure   Level
a - Foxfire               Conj/Fire      28%        2x1d5     10%         1

Your spell library contained the following spells:

 Spells                   Type           Power      Damage    Failure   Level
 Scorch                   Fire           22%        2d5       9%          2
 Inner Flame              Hex/Fire       6%         N/A       34%         3
 Volatile Blastmotes      Fire/Tloc      12%        2d11      34%         3
 Flame Wave               Conj/Fire      7%         2d5       67%         4


Dungeon Overview and Level Annotations

Branches:
Dungeon (1/15)

Altars:


Innate Abilities, Weirdness & Mutations

Your plain brown scales are hard. (AC +4)
You cannot fit into any form of body armour.
You are cold-blooded and may be slowed by cold attacks.


Message History

b - a +0 mace (weapon)
Found a stone staircase leading down.
There is a stone staircase leading down here.
A goblin comes into view. It is wielding a +0 dagger.
The goblin shouts!
Casting: Foxfire (safe; 10% risk of failure)
Confirm with . or Enter, or press ? or * to list all spells.
You conjure some foxfire!
The foxfire hits the goblin.
The goblin is moderately wounded.
The foxfire hits the goblin.
You kill the goblin!
You see here a +0 dagger.
Magic restored.
You now have 13 gold pieces.
You open the door.
There is an open door here.
Found a stone staircase leading down.
A hobgoblin comes into view.
Found a dagger and a robe.
The hobgoblin shouts!
An endoplasm comes into view.
The endoplasm quivers.
The hobgoblin hits you but does no damage.
You hit the hobgoblin.
You kill the hobgoblin!
The endoplasm freezes you.
You are frozen.
You hit the endoplasm.
The endoplasm is lightly wounded.
The endoplasm freezes you.
You are frozen.
You feel yourself slow down. The endoplasm freezes you.
You are frozen.
* * * LOW HITPOINT WARNING * * *
You feel as though you will be slow longer.
The endoplasm attacks as you move away!
The endoplasm hits you but does no damage.
The endoplasm freezes you.
You are frozen.
You die...

#........## ##....∩....#
#..........# #.....<....#
#.....>....##
#...⌠...⌠....
#..........##
#.###########.#..........
#.)....J@.....####.#.####
.......#[##.#### #.#.....
##..###.###.# #...###.
#.. #.###.########.## ##
. #.............. #
#####.###.###.. ## #.#
#.# #. .#######.# #.# #.
... .........# ... ###.


You could see an endoplasm.

Vanquished Creatures
  A goblin (D:1)
  A hobgoblin (D:1)
  3 jackals (D:1)
5 creatures vanquished.

Vanquished Creatures (others)
  11 foxfires (D:1)
11 creatures vanquished.

Grand Total: 16 creatures vanquished

Notes
Turn   | Place    | Note
-------+----------+-------------------------------------------
     0 | D:1      | Logoto the Draconian Fire Elementalist began the quest for
                  | the Orb.
     0 | D:1      | Reached XP level 1. HP: 14/14 MP: 3/3
   228 | D:1      | Frozen to death by an endoplasm

Illustrated notes

Levels and vault maps discovered:
D:1:      wander_arrival_desolate, layout_loops_corners,
          ebering_ecumenical_altar_rust, serial_shops,
          nicolae_shop_window_shopping

Action                     || total
---------------------------++-------
  Melee: Unarmed           ||     6
         Mace              ||     2
   Cast: Foxfire           ||     7
 Armour: Skin              ||    22
  Dodge: Dodged            ||    44
